 Dungeon Crawl Stone Soup version 0.24-a0-699-g5a66b1aa3b (webtiles) character file.

Game seed: 17080361122347738175, levelgen mode: deterministic

136 Electrofox the Sneak (level 5, 0/29 HPs)
             Began as a Kobold Arcane Marksman on Sept 29, 2019.
             Killed from afar by an orc wizard (6 damage)
             ... with a puff of flame
             ... on level 4 of the Dungeon.
             The game lasted 00:27:58 (3682 turns).

Electrofox the Sneak (Kobold Arcane Marksman)       Turns: 3682, Time: 00:27:59

Health: 0/29       AC:  2    Str: 12    XL:     5   Next: 43%
Magic:  6/6        EV: 15    Int: 15    God:
Gold:   45         SH:  0    Dex: 16    Spells: 3/6 levels left

rFire    . . .     SeeInvis .   b - +1 dagger (venom)
rCold    . . .     Gourm    .   (shield restricted)
rNeg     . . .     Faith    .   e - +0 robe
rPois    .         Spirit   .   (no helmet)
rElec    .         Reflect  .   (no cloak)
rCorr    .         Harm     .   (no gloves)
MR       .....                  (no boots)
Stlth    +++.......             (no amulet)
HPRegen  0.09/turn              (no ring)
MPRegen  0.10/turn              (no ring)

@: mighty
A: small, carnivore
a: no special abilities


You were on level 4 of the Dungeon.
You were very full.

You visited 1 branch of the dungeon, and saw 4 of its levels.

You collected 45 gold pieces.

Inventory:

Hand Weapons
 a - a +0 hand crossbow
 b - a +1 dagger of venom (weapon)
 c - a +1 vampiric dagger
 u - a +1 morningstar of protection
Missiles
 d - 9 bolts
 t - 9 poisoned darts (quivered)
Armour
 e - a +0 robe (worn)
 n - a +0 leather armour
Jewellery
 l - an uncursed ring of protection from magic {unknown}
 o - an uncursed ring of magical power {unknown}
 r - an uncursed ring of ice {unknown}
Scrolls
 g - 3 scrolls of teleportation
 j - a scroll of random uselessness {unknown}
 m - 2 scrolls of blinking {unknown}
Potions
 h - 2 potions of might
 i - 2 potions of agility
 k - a potion of curing
 p - a potion of invisibility
 s - a potion of magic
Comestibles
 f - 7 rations
 q - a chunk of flesh


   Skills:
 - Level 1.1 Fighting
 + Level 0.2 Short Blades
 + Level 3.6 Crossbows
 - Level 2.4 Dodging
 * Level 4.5 Stealth
 - Level 1.1 Spellcasting
 - Level 4.0 Hexes


You had 3 spell levels left.
You knew the following spells:

 Your Spells              Type           Power        Failure   Level  Hunger
a - Corona                Hex            ##.....      4%          1    ##.....
b - Slow                  Hex            ##......     7%          2    ###....

Your spell library contained the following spells:

 Spells                   Type           Power        Failure   Level  Hunger
 Inner Flame              Hex/Fire       #.......     32%         3    ####...
 Portal Projectile        Hex/Tloc       #.....       32%         3    ####...
 Cause Fear               Hex            ##........   43%         4    #####..
 Leda's Liquefaction      Hex/Erth       #.........   71%         4    #####..


Dungeon Overview and Level Annotations

Branches:
Dungeon (4/15)
 Temple: D:4-7

Altars:
Cheibriados
Gozag
Nemelex Xobeh
Uskayaw
Xom
Zin

Annotations:
D:1 exclusion: downstairs
D:2 Sigmund
D:3 exclusion: door, Jessica
D:4 Blork the orc


Innate Abilities, Weirdness & Mutations

You are small and have problems with some larger weapons.
You are carnivorous and can eat meat at any time.


Message History

You barely miss the orc.
The orc is heavily wounded.
The orc wizard shouts! x2
The orc hits you with a +0 whip.
This staircase leads to a travel-excluded area!
Enter next level anyway?
Okay, then.
The worker ant twitches its antennae in your direction.
The orc wizard gestures at you while chanting.
You resist with some effort. The orc barely misses you.
You feel very mighty all of a sudden. The orc wizard casts a spell at you.
The magic dart hits you.
* * * LOW HITPOINT WARNING * * *
The orc hits you with a +0 whip.
* * * LOW HITPOINT WARNING * * *
The orc wizard gestures at you while chanting.
The puff of flame hits you.
You die...

....... ....## ### ....#
#.# ....#####.#
........#.####### ##
..#####.........###.# ###
#.........##..# #
##.........##.# .#.
###..##..#...@o.## ....
#...##...###.#oo<# .....
####.####..####.#.#.#....#.
.....###......#..a.........
......<.......#o.........#.
.....####..................
.... #...........#......
... ......##..##... ..
.....( .#= ...


You could see a worker ant, 2 orc wizards and 2 orcs.

Vanquished Creatures
  7 adders
  5 worms (D:2)
  4 dart slugs
  2 leopard geckos
  4 orcs (D:3)
  A ball python (D:1)
  9 bats
  A giant cockroach (D:3)
  A goblin (D:1)
  5 hobgoblins
  2 frilled lizards
  3 kobolds
  10 rats
54 creatures vanquished.

Notes
Turn   | Place    | Note
-------+----------+-------------------------------------------
     0 | D:1      | Electrofox the Kobold Arcane Marksman began the quest for
                  | the Orb.
     0 | D:1      | Reached XP level 1. HP: 12/12 MP: 2/2
   188 | D:1      | Reached XP level 2. HP: 16/16 MP: 3/3
   677 | D:1      | Learned a level 2 spell: Slow
   765 | D:1      | Reached XP level 3. HP: 20/20 MP: 4/4
   981 | D:2      | Found a sparkling altar of Nemelex Xobeh.
  1057 | D:2      | Reached skill level 1 in Stealth
  1615 | D:2      | Noticed Sigmund
  1669 | D:2      | Reached XP level 4. HP: 18/25 MP: 5/5
  2605 | D:3      | Found a snail-covered altar of Cheibriados.
  2618 | D:3      | Noticed Jessica
  2653 | D:3      | Reached XP level 5. HP: 19/29 MP: 6/6
  2657 | D:3      | Found an opulent altar of Gozag.
  3183 | D:3      | Found an ornate altar of the Wu Jian Council.
  3222 | D:3      | Found a glowing silver altar of Zin.
  3222 | D:3      | Found a hide-covered altar of Uskayaw.
  3225 | D:3      | Found a sparkling altar of Nemelex Xobeh.
  3225 | D:3      | Found a glowing silver altar of Zin.
  3225 | D:3      | Found a shimmering altar of Xom.
  3579 | D:4      | Noticed Blork the orc
  3682 | D:4      | Killed from afar by an orc wizard

Levels and vault maps discovered:
D:1:      mrwooster_arrival_arrow, layout_basic
D:2:      layout_loops_ring, nemelex_xobeh_ov_fountains_minmay, uniq_sigmund
D:3:      layout_loops_ring, cheibriados_altar_1, old_standard_altar,
          doesnt_xom_only_xom, first_ration, uniq_jessica
D:4:      layout_rooms, lemuel_zombie_altar_yredelemnul, kennysheep_little_box,
          uniq_blork_the_orc

Skill      XL: |  1  2  3  4  5 |
---------------+----------------+-----
Hexes          | 4 |  4.0
Stealth        | 2 3 4 |  4.5
Crossbows      | 3 |  3.6
Fighting       | |  1.1
Short Blades   | |  0.2
Dodging        | |  2.4
Spellcasting   | |  1.1

Action                   |  1- 3 |  4- 6 || total
-------------------------+-------+-------++-------
Melee: Unarmed           |     7 |       ||     7
       Short sword       |    20 |    24 ||    44
       Morningstar       |       |    46 ||    46
       Dagger            |       |     4 ||     4
 Fire: Hand crossbow     |    50 |    36 ||    86
 Cast: Slow              |     6 |     7 ||    13
       Corona            |     1 |     4 ||     5
  Use: Scroll            |       |     5 ||     5
       Potion            |       |     2 ||     2
  Eat: Chunk             |    10 |     7 ||    17
Armor: Robe              |     2 |    15 ||    17
Dodge: Dodged            |    35 |    92 ||   127

Table legend:
 A = Non-vault XP
 B = Vault XP
 C = Vault XP percentage of total XP
 D = Non-vault monster count
 E = Vault monster count
 F = Vault count percentage of total count
                 A         B        C        D         E       F
            +---------+---------+-------+---------+---------+-------
      Total |     195 |       0 |   0.0 |      54 |       0 |   0.0
            +---------+---------+-------+---------+---------+-------
        D:1 |      30 |       0 |   0.0 |      16 |       0 |   0.0
        D:2 |      71 |       0 |   0.0 |      17 |       0 |   0.0
        D:3 |      81 |       0 |   0.0 |      20 |       0 |   0.0
        D:4 |      13 |       0 |   0.0 |       1 |       0 |   0.0
            +---------+---------+-------+---------+---------+-------
